 Dungeon Crawl Stone Soup version 0.13.0-6-g40e4d2d (webtiles) character file.

326 HungrySpirit the Chopper (level 5, -1/46 HPs)
             Began as a Minotaur Berserker on Oct 15, 2013.
             Was a Priest of Trog.
             Killed from afar by an orc wizard (6 damage)
             ... with a puff of flame
             ... on Level 3 of the Dungeon.
             The game lasted 00:03:19 (1608 turns).

HungrySpirit the Chopper (Minotaur Berserker)       Turns: 1608, Time: 00:03:20

HP  -1/46        AC  5     Str 22      XL: 5   Next: 72%
MP   1/1         EV 10     Int  4      God: Trog [***...]
Gold 96          SH  0     Dex 13      Spells:  0 memorised,  4 levels left

Res.Fire  : . . .   See Invis. : .   a - +0 hand axe {=f}
Res.Cold  : . . .   Warding    : .   l - +0 ring mail
Life Prot.: . . .   Conserve   : .   (no shield)
Res.Poison: .       Res.Corr.  : .   f - +0 wizard hat
Res.Elec. : .       Clarity    : .   (no cloak)
Sust.Abil.: . .     Spirit.Shd : .   (no gloves)
Res.Mut.  : .       Stasis     : .   (no boots)
Res.Rott. : .       Flight     : .   (no amulet)
Saprovore : . . .                    (no ring)
                                     b - +3 ring of dexterity

@: exhausted, quite poisoned, slowed, very slow, slightly resistant to hostile
enchantments, extremely unstealthy
A: retaliatory headbutt, horns 2
a: Burn Spellbooks, Berserk, Trog's Hand, Renounce Religion


You were on level 3 of the Dungeon.
You worshipped Trog.
Trog was most pleased with you.
You were very hungry.

You visited 1 branch of the dungeon, and saw 3 of its levels.

You collected 76 gold pieces.

Inventory:

Hand weapons
 a - a +0,+0 hand axe (weapon) {=f}
Armour
 f - a +0 wizard hat (worn)
 l - a +0 ring mail (worn)
Comestibles
 c - 2 bread rations
 o - a choko
 p - a meat ration
 u - a chunk of hobgoblin flesh
Scrolls
 e - 2 scrolls of curse weapon {unknown}
 g - a scroll of amnesia {unknown}
 h - 2 scrolls of enchant armour {unknown}
 i - 4 scrolls of identify {unknown}
 j - a scroll of recharging {unknown}
 k - a scroll of fear {unknown}
 q - a scroll of enchant weapon II {unknown}
 r - a scroll of fog {unknown}
 t - a scroll of blinking {unknown}
Jewellery
 b - a +3 ring of dexterity (left hand)
Potions
 d - 4 potions of curing {unknown}
 m - 2 potions of heal wounds {unknown}
 n - 2 potions of degeneration {unknown}
 s - a potion of flight {unknown}


   Skills:
 - Level 3.6 Fighting
 + Level 7.8 Axes
 - Level 2.4 Armour
 - Level 2.1 Dodging


You had 4 spell levels left.
You didn't know any spells.

Dungeon Overview and Level Annotations

Branches:
Dungeon (3/27)

Altars:
Yredelemnul


Innate Abilities, Weirdness & Mutations

You reflexively headbutt those who attack you in melee.
You have a pair of horns on your head.


Message History

You are too confused!
Ouch! The orc wizard casts a spell.
The orc wizard flickers and vanishes!
Deactivating autopickup; reactivate with Ctrl-A.
You hear some strange, mumbled words.
The magic dart hits you!
* * * LOW HITPOINT WARNING * * *
Ouch! You feel less confused. It hits you.
* * * LOW HITPOINT WARNING * * *
You are poisoned.
You hit it.
* * * LOW HITPOINT WARNING * * *
You feel sick. It hits you but does no damage.
You are more poisoned.
You hear some strange, mumbled words.
The puff of flame hits you!
You die...

#.# #.# #.# #.# #.#
#.# #.# #.# #.# #.#
#.# #.# #.######.#
#_###########........#
#..o.@..))....)#######
##############.# #.#
#.# #.# #.. ###


You could see an orc.

Vanquished Creatures
  An orc warrior (D:3)
  3 adders (D:2)
  3 gnolls (D:2)
  2 worms (D:2)
  3 giant geckos
  4 orcs (D:3)
  2 ball pythons
  10 bats
  5 giant cockroaches
  4 goblins
  4 hobgoblins
  A quokka (D:2)
  A giant newt (D:2)
  4 kobolds
  6 rats
53 creatures vanquished.

Notes
Turn   | Place    | Note
--------------------------------------------------------------
     0 | D:1      | HungrySpirit, the Minotaur Berserker, began the quest for the Orb.
     0 | D:1      | Reached XP level 1. HP: 19/19 MP: 0/0
   111 | D:1      | Reached skill level 4 in Axes
   149 | D:1      | Reached XP level 2. HP: 20/26 MP: 0/0
   675 | D:2      | Acquired Trog's second power
   697 | D:2      | Reached skill level 5 in Axes
   742 | D:2      | Reached XP level 3. HP: 33/33 MP: 1/1
  1061 | D:2      | Reached XP level 4. HP: 39/39 MP: 1/1
  1086 | D:2      | Reached skill level 6 in Axes
  1585 | D:3      | Noticed an orc warrior
  1597 | D:3      | Killed an orc warrior
  1597 | D:3      | Reached skill level 7 in Axes
  1597 | D:3      | Reached XP level 5. HP: 34/46 MP: 1/1
  1598 | D:3      | Found a basalt altar of Yredelemnul.
  1608 | D:3      | Killed from afar by an orc wizard

Action                   |  1- 3 |  4- 6 || total
-------------------------+-------+-------++-------
Melee: Hand axe          |    61 |    40 ||   101
Invok: Berserk           |       |     2 ||     2
